Map: Lightshade LE

Players

Reynor

  • Race: Zerg Zerg
  • Spawn Location: 5:00

Rogue - Winner!

  • Race: Zerg Zerg
  • Spawn Location: 11:00

Event: ASUS ROG Online 2020

VOD

Have the link to the VOD?

Description

Time

  • Played on: Nov. 29, 2020, 6:05 a.m.
  • Length: 4:43

All games in this series

Show
View Real Time Build Order
Export as new Build Order

Reynor Zerg 

Build Orders: Hatch First 

Get SALT Encoding   

  12  0:00  Drone  
  13  0:12  Overlord  
  13  0:16  Drone  
  14  0:30  Drone x2  
  16  0:48  Hatchery  
  15  0:51  Drone  
  15  0:54  Drone  
  17  1:08  Spawning Pool  
  16  1:11  Drone  
  16  1:15  Extractor  
  16  1:16  Drone  
  17  1:20  Drone  
  18  1:27  Drone  
  19  1:38  Drone  
  20  1:48  Overlord  
  20  1:55  Queen  
  20  1:59  Queen  
  25  2:01  Drone x2  
  26  2:11  Drone x2  
  28  2:16  Evolution Chamber  
  28  2:21  Drone x2  
  29  2:32  Overlord  
  29  2:34  Zergling x2  
  29  2:35  Queen  
  32  2:43  Zerg Melee Weapons Level 1, Drone  
  32  2:44  Drone  
  34  2:47  Evolution Chamber  
  33  2:53  Drone  
  33  2:55  Metabolic Boost  
  33  2:58  Drone  
  35  3:07  Roach Warren  
  35  3:08  Drone  
  35  3:09  Drone  
  35  3:10  Drone  
  35  3:12  Drone  
  38  3:17  Drone  
  38  3:18  Drone  
  40  3:25  Overlord  
  40  3:27  Zergling x4  
  42  3:28  Zergling x2  
  42  3:33  Zergling x2  
  44  3:37  Lair  
  44  3:45  Zergling x10, Extractor  
  44  3:47  Zergling x2  
  49  3:50  Zergling x2  
  49  3:53  Zergling x4  
  52  4:02  Overlord  
  52  4:11  Evolution Chamber  
  52  4:13  Zergling x2  
  52  4:21  Overlord  
  52  4:23  Roach x3, Evolution Chamber  
  52  4:24  Roach  
Show
View Real Time Build Order
Export as new Build Order

Rogue Zerg - Winner!

Build Orders: Hatch First, Zergling Baneling 

Get SALT Encoding   

  12  0:01  Drone  
  13  0:12  Overlord  
  13  0:17  Drone  
  14  0:31  Drone x2  
  16  0:48  Hatchery  
  15  0:51  Drone  
  15  0:54  Drone  
  17  0:57  Drone  
  18  1:08  Extractor  
  17  1:13  Spawning Pool  
  17  1:15  Drone  
  17  1:18  Drone  
  18  1:28  Drone  
  19  1:39  Drone  
  20  1:51  Drone  
  21  1:59  Queen  
  21  2:00  Queen  
  25  2:01  Zergling x2, Overlord  
  26  2:10  Metabolic Boost  
  26  2:11  Drone x2  
  28  2:22  Drone x2  
  30  2:33  Drone x2  
  32  2:38  Hatchery  
  31  2:45  Drone  
  31  2:46  Zergling x2  
  33  2:53  Baneling Nest  
  33  2:54  Overlord  
  33  2:56  Zergling x2  
  33  3:06  Zergling x4  
  35  3:13  Zergling x12  
  41  3:24  Zergling x2, Overlord  
  41  3:32  Zergling x2  
  42  3:41  Zergling x2  
  43  3:42  Zergling x10  
  43  3:44  Zergling x2  
  49  3:51  Zergling x6  
  52  3:59  Overlord  
  52  4:01  Baneling  
  52  4:02  Baneling x7  
  52  4:03  Zergling x2  
  52  4:04  Zergling x2  
  54  4:13  Zergling x2  
  54  4:14  Baneling  
  54  4:15  Baneling x2  
  55  4:20  Zergling x4  
  55  4:22  Zergling x2  
Tags
 
Add a new tag
Caveats
  • Supply blocks, unpowered buildings, or Contaminate may cause inaccurate times.
  • Supply counts are checked every 10 seconds.